 Dungeon Crawl Stone Soup version 0.25-a0-21-ga5a8db46c7 (webtiles) character file.

Game seed: 15643806205807929174, levelgen mode: deterministic

11063 Ablot the Thaumaturge (level 11, 0/86 HPs)
             Began as a Gnoll Skald on Oct 15, 2019.
             Was an Elder of Okawaru.
             Slain by a wyvern (16 damage)
             ... on level 11 of the Dungeon on Oct 16, 2019.
             The game lasted 00:39:30 (10077 turns).

Ablot the Thaumaturge (Gnoll Skald)                Turns: 10077, Time: 00:39:31

Health: 0/86       AC: 13    Str: 17    XL:     11   Next: 71%
Magic:  11/23      EV: 15    Int: 19    God:    Okawaru [****..]
Gold:   343        SH:  0    Dex: 14    Spells: 2/26 levels left

rFire    . . .     SeeInvis +   P - +2 quarterstaff of the Reaper {crush, rPois rC++ Int-2 SInv}
rCold    + + +     Gourm    .   (shield currently unavailable)
rNeg     + . .     Faith    .   J - +1 ring mail {rN+}
rPois    +         Spirit   .   v - +0 helmet
rElec    +         Reflect  .   k - +2 cloak
rCorr    .         Harm     .   (no gloves)
MR       .....                  e - +0 pair of boots
Stlth    +++.......             r - amulet of regeneration
HPRegen  0.64/turn              O - ring of protection from cold
MPRegen  0.18/turn              Y - ring "Piqeq" {rElec Int+5 SInv}

@: shrouded
A: distributed training, fangs 1, strong nose
a: Heroism, Renounce Religion


You were on level 11 of the Dungeon.
You worshipped Okawaru.
Okawaru was greatly pleased with you.
You were not hungry.

You visited 2 branches of the dungeon, and saw 13 of its levels.
You also visited: Sewer and Bailey.

You collected 1352 gold pieces.
You spent 1009 gold pieces at shops.

Inventory:

Hand Weapons
 a - a +5 spear
 P - the +2 quarterstaff of the Reaper (weapon) {crush, rPois rC++ Int-2 SInv}
   (You found it on level 8 of the Dungeon)

   It inflicts extra damage upon your enemies.
   It affects your intelligence (-2).
   It greatly protects you from cold.
   It protects you from poison.
   It lets you see invisible.
Missiles
 c - 134 arrows
 g - 229 stones (quivered)
 j - 37 poisoned darts
 s - 43 sling bullets
 z - 10 throwing nets
 B - 60 bolts
Armour
 e - a +0 pair of boots (worn)
 k - a +2 cloak (worn)
 v - a +0 helmet (worn)
 J - a +1 ring mail of positive energy (worn)
 N - a +0 buckler
Jewellery
 r - an amulet of regeneration (around neck)
 O - a ring of protection from cold (left hand)
 U - an uncursed ring of fire
 Y - the ring "Piqeq" (right hand) {rElec Int+5 SInv}
   (You bought it in a shop on level 11 of the Dungeon)

   [ring of intelligence]

   It affects your intelligence (+5).
   It insulates you from electricity.
   It lets you see invisible.
Wands
 n - a wand of polymorph (30)
 y - a wand of random effects (63)
 Q - a wand of iceblast (3)
 S - a wand of digging (3)
Scrolls
 h - 4 scrolls of identify
 i - 8 scrolls of remove curse
 l - 3 scrolls of fog
 m - 6 scrolls of teleportation
 o - 5 scrolls of fear
 p - a scroll of amnesia
 x - a scroll of magic mapping {unknown}
 A - 3 scrolls of immolation {unknown}
 D - a scroll of random uselessness {unknown}
 H - 2 scrolls of summoning {unknown}
 K - a scroll of blinking {unknown}
 L - 2 scrolls of acquirement {unknown}
 M - a scroll of enchant armour
 T - a scroll of noise {unknown}
 W - a scroll of enchant weapon {unknown}
Potions
 b - 7 potions of curing
 f - a potion of flight
 q - 2 potions of berserk rage
 t - a potion of degeneration {unknown}
 u - a potion of invisibility {unknown}
 w - 2 potions of mutation
 C - 3 potions of magic
 E - a potion of ambrosia {unknown}
 F - a potion of agility
 G - 3 potions of heal wounds
 I - 4 potions of brilliance
 R - a potion of might {unknown}
 X - a potion of haste {unknown}
Comestibles
 d - 29 rations
 V - 10 chunks of flesh


   Skills:
 + Level 8.0 Fighting
 + Level 6.4 Short Blades
 + Level 6.4 Long Blades
 + Level 6.4 Axes
 + Level 6.4 Maces & Flails
 + Level 8.0 Polearms
 + Level 6.4 Staves
 + Level 6.4 Slings
 + Level 6.4 Bows
 + Level 6.4 Crossbows
 + Level 6.4 Throwing
 + Level 7.0 Armour
 + Level 8.0 Dodging
 + Level 6.4 Stealth
 + Level 6.4 Shields
 + Level 6.4 Unarmed Combat
 + Level 8.2 Spellcasting
 + Level 5.3 Conjurations
 + Level 5.3 Hexes
 + Level 7.7 Charms
 + Level 5.3 Summonings
 + Level 5.3 Necromancy
 + Level 5.3 Translocations
 + Level 5.3 Transmutations
 + Level 5.3 Fire Magic
 + Level 5.3 Ice Magic
 + Level 5.3 Air Magic
 + Level 5.3 Earth Magic
 + Level 5.3 Poison Magic
 + Level 7.1 Invocations
 + Level 6.4 Evocations


You had 2 spell levels left.
You knew the following spells:

 Your Spells              Type           Power        Failure   Level  Hunger
a - Infusion              Chrm           ####         1%          1    None
b - Song of Slaying       Chrm           #####...     1%          2    None
c - Shroud of Golubria    Chrm/Tloc      ####..       1%          2    None
d - Regeneration          Chrm/Necr      ####......   3%          3    None
e - Spectral Weapon       Hex/Chrm       ####....     3%          3    None
f - Blink                 Tloc           N/A          2%          2    None
g - Conjure Flame         Conj/Fire      ####....     4%          3    None
h - Mephitic Cloud        Conj/Pois/Air  ####....     4%          3    None
i - Slow                  Hex            ####....     2%          2    None
j - Confuse               Hex            ####....     4%          3    None

Your spell library contained the following spells:

 Spells                   Type           Power        Failure   Level  Hunger
 Corona                   Hex            ####...      1%          1    None
 Freeze                   Ice            ####         1%          1    None
 Magic Dart               Conj           ####         1%          1    None
 Call Imp                 Summ           ####....     2%          2    None
 Ensorcelled Hibernation  Hex/Ice        ####..       2%          2    None
 Throw Frost              Conj/Ice       ####..       2%          2    None
 Ozocubu's Armour         Chrm/Ice       ####....     3%          3    None
 Dazzling Spray           Conj/Hex       ####..       4%          3    None
 Tukima's Dance           Hex            ####....     4%          3    None
 Summon Ice Beast         Ice/Summ       ####....     16%         4    ###....
 Throw Icicle             Conj/Ice       ####....     16%         4    ###....
 Iskenderun's Battlesphe  Conj/Chrm      ####....     28%         5    #####..
 Bolt of Magma            Conj/Fire/Erth ####......   41%         5    #####..
 Venom Bolt               Conj/Pois      ####......   41%         5    #####..
 Iron Shot                Conj/Erth      ####......   94%         6    ######.
 Orb of Destruction       Conj           ####......   100%        7    #######
 Spellforged Servitor     Conj/Summ      ####......   100%        7    #######


Dungeon Overview and Level Annotations

Branches:
Dungeon (12/15)            Temple (1/1) D:7           Sewer (visited)
 Bailey (visited)
   Lair: D:8-11         Orc: D:9-12

Altars:
Ashenzari
Cheibriados
Dithmenos
Elyvilon
Fedhas
Gozag
Hepliaklqana
Kikubaaqudgha
Makhleb
Nemelex Xobeh
Okawaru
Qazlal
Ru
Sif Muna
Trog
Uskayaw
Vehumet
Wu Jian
Xom
Yredelemnul
Zin
The Shining One

Shops:
D:6 (   D:11 =


Innate Abilities, Weirdness & Mutations

Your experience applies equally to all skills.
You have very sharp teeth.
Your uncanny sense of smell can sniff out nearby items.


Message History

The wyvern bites you!
* * * LOW HITPOINT WARNING * * *
The wyvern is engulfed in a cloud of scalding steam.
The wyvern closely misses you.
Casting: Confuse (safe; 4% risk of failure)
Confirm with . or Enter, or press ? or * to list all spells.
Aiming: Confuse (safe; 4% risk of failure)
Press: ? - help, Shift-Dir - straight line, f - wyvern
Aim: a wyvern (chance to defeat MR: 57%)
The wyvern appears confused.
The wyvern is engulfed in a cloud of scalding steam.
The wyvern bites you!
* * * LOW HITPOINT WARNING * * *
Unknown command.
Casting: Confuse (safe; 4% risk of failure)
Confirm with . or Enter, or press ? or * to list all spells.
Space distorts slightly along a thin shroud covering your body.
The wyvern is engulfed in a cloud of scalding steam.
The wyvern bites you!
You die...

###### ### ## ∆
####..#(####.###. #
###..#.###...).....
...
#..##........###...
#....#l...........#
####
........@...#.######
# ....#..l..##.##
#....#.!.####..
###..###. ### ##. ##
∆ ##


You could see 2 wyverns.

Vanquished Creatures
  3 two-headed ogres
  An unseen horror (D:11)
  Pikel (D:5)
  A centaur skeleton (D:10)
  2 hornets
  Grinder (D:5)
  A shadow (D:12)
  2 hippogriffs
  Sigmund (D:4)
  2 wyverns
  4 yaks (D:10)
  2 hungry ghosts
  A steam dragon (D:11)
  Menkaure (D:5)
  2 soldier ants
  A water moccasin (D:9)
  2 sky beasts
  2 ice beasts (D:9)
  5 ogres
  An orc warrior (D:8)
  A phantom (D:4)
  3 centaurs
  4 crocodiles
  Blork the orc (D:4)
  3 big kobolds
  3 bullfrogs
  8 gnoll sergeants (Bailey)
  2 scorpions
  4 killer bees (D:10)
  3 wights (D:10)
  4 crimson imps
  3 howler monkeys (D:11)
  A bullfrog zombie (D:11)
  A centaur zombie (D:7)
  A quasit (Sewer)
  A jelly (D:7)
  12 orc wizards
  6 gnoll shamans (Bailey)
  5 hounds
  2 bullfrog skeletons
  4 iguanas
  16 worker ants
  Natasha (thrice) (D:4)
  A killer bee zombie (D:8)
  3 big kobold zombies (Sewer)
  2 hound skeletons
  Robin (D:4)
  18 gnolls
  6 adders
  7 shadow imps
  3 ufetubi (Sewer)
  An ooze (D:2)
  2 adder zombies (Sewer)
  2 adder skeletons
  5 worms
  2 dart slugs (D:1)
  2 leopard geckos (D:4)
  25 orcs
  A bat zombie (Sewer)
  9 giant cockroaches
  17 goblins
  6 hobgoblins
  8 jackals
  32 kobolds
  3 quokkas
  3 ball pythons (Sewer)
  3 bats
  4 frilled lizards
  A jackal skeleton (D:4)
  A kobold zombie (Sewer)
  A leopard gecko skeleton (D:8)
  A quokka skeleton (D:4)
  4 rats
  A spectral weapon (Bailey)
302 creatures vanquished.

Vanquished Creatures (others)
  A bullfrog (D:6)
  A spectral weapon (D:11)
2 creatures vanquished.

Grand Total: 304 creatures vanquished

Notes
Turn   | Place    | Note
-------+----------+-------------------------------------------
     0 | D:1      | Ablot the Gnoll Skald began the quest for the Orb.
     0 | D:1      | Reached XP level 1. HP: 20/20 MP: 6/6
    54 | D:1      | Reached XP level 2. HP: 26/26 MP: 7/7
    68 | D:1      | Learned a level 2 spell: Song of Slaying
    71 | D:1      | Learned a level 2 spell: Shroud of Golubria
   457 | D:1      | Reached XP level 3. HP: 31/31 MP: 9/9
   462 | D:1      | Learned a level 3 spell: Regeneration
   466 | D:1      | Learned a level 3 spell: Spectral Weapon
   521 | D:1      | Reached skill level 5 in Spellcasting
   790 | D:2      | Reached skill level 1 in Invocations
   935 | D:2      | Reached skill level 1 in Short Blades
   935 | D:2      | Reached skill level 1 in Long Blades
   935 | D:2      | Reached skill level 1 in Axes
   935 | D:2      | Reached skill level 1 in Maces & Flails
   935 | D:2      | Reached skill level 1 in Staves
   935 | D:2      | Reached skill level 1 in Slings
   935 | D:2      | Reached skill level 1 in Bows
   935 | D:2      | Reached skill level 1 in Crossbows
   935 | D:2      | Reached skill level 1 in Throwing
   935 | D:2      | Reached skill level 1 in Stealth
   935 | D:2      | Reached skill level 1 in Shields
   935 | D:2      | Reached skill level 1 in Unarmed Combat
   935 | D:2      | Reached skill level 1 in Evocations
  1041 | D:2      | Reached XP level 4. HP: 32/38 MP: 11/11
  1254 | D:2      | Reached skill level 1 in Conjurations
  1254 | D:2      | Reached skill level 1 in Hexes
  1254 | D:2      | Reached skill level 1 in Summonings
  1254 | D:2      | Reached skill level 1 in Necromancy
  1254 | D:2      | Reached skill level 1 in Translocations
  1254 | D:2      | Reached skill level 1 in Transmutations
  1254 | D:2      | Reached skill level 1 in Fire Magic
  1254 | D:2      | Reached skill level 1 in Ice Magic
  1254 | D:2      | Reached skill level 1 in Air Magic
  1254 | D:2      | Reached skill level 1 in Earth Magic
  1254 | D:2      | Reached skill level 1 in Poison Magic
  1745 | D:3      | Reached XP level 5. HP: 43/43 MP: 6/12
  2363 | D:2      | Found a sparkling altar of Nemelex Xobeh.
  2480 | D:3      | Found an ornate altar of the Wu Jian Council.
  2564 | D:4      | Noticed Robin
  2596 | D:4      | Reached XP level 6. HP: 42/50 MP: 4/13
  2604 | D:4      | Killed Robin
  2664 | D:4      | Noticed a phantom
  2668 | D:4      | Reached skill level 5 in Fighting
  2668 | D:4      | Reached skill level 5 in Polearms
  2668 | D:4      | Reached skill level 5 in Dodging
  2734 | D:4      | Killed a phantom
  2784 | D:4      | Reached XP level 7. HP: 34/56 MP: 3/15
  2886 | D:4      | Upgraded the game from 0.25-a0-10-g2fe12d4386 to
                  | 0.25-a0-21-ga5a8db46c7
  2914 | D:4      | Learned a level 2 spell: Blink
  2918 | D:4      | Learned a level 3 spell: Conjure Flame
  2920 | D:4      | Noticed Sigmund
  2922 | D:4      | Noticed Natasha
  3163 | D:4      | Noticed Blork the orc
  3207 | D:4      | Killed Sigmund
  3256 | D:4      | Killed Natasha
  3414 | D:4      | Noticed Natasha
  3420 | D:4      | Killed Natasha
  3580 | D:4      | Noticed Natasha
  3589 | D:4      | Killed Natasha
  3589 | D:4      | Reached XP level 8. HP: 56/63 MP: 11/16
  3634 | D:4      | Killed Blork the orc
  3739 | D:5      | Entered Level 5 of the Dungeon
  3748 | D:5      | Noticed Grinder
  3759 | D:5      | Killed Grinder
  3769 | D:5      | Found a white marble altar of Elyvilon.
  3777 | D:5      | Found a bloodstained altar of Trog.
  3781 | D:5      | Found an opulent altar of Gozag.
  3859 | D:5      | Noticed a hippogriff
  4049 | D:5      | Noticed Menkaure
  4479 | D:5      | Killed a hippogriff
  4487 | D:5      | Killed Menkaure
  4707 | D:6      | Reached XP level 9. HP: 69/69 MP: 13/18
  4765 | D:6      | Found a glowing drain.
  4779 | Sewer    | Entered a sewer
  4937 | Sewer    | Found a burning altar of Makhleb.
  5322 | D:6      | Noticed Pikel
  5340 | D:5      | Killed Pikel
  5340 | D:5      | Reached skill level 5 in Armour
  5387 | D:6      | Found Cuomuime's Antique Weapon Emporium.
  5658 | D:7      | Learned a level 3 spell: Mephitic Cloud
  5661 | D:7      | Learned a level 2 spell: Slow
  5676 | D:7      | Found a flagged portal.
  5745 | Bailey   | Entered a bailey
  6041 | Bailey   | Reached skill level 5 in Invocations
  6264 | Bailey   | Reached XP level 10. HP: 19/77 MP: 1/20
  6874 | D:7      | Found a staircase to the Ecumenical Temple.
  6886 | Temple   | Entered the Ecumenical Temple
  7336 | D:7      | Reached skill level 5 in Short Blades
  7336 | D:7      | Reached skill level 5 in Long Blades
  7336 | D:7      | Reached skill level 5 in Axes
  7336 | D:7      | Reached skill level 5 in Maces & Flails
  7336 | D:7      | Reached skill level 5 in Staves
  7336 | D:7      | Reached skill level 5 in Slings
  7336 | D:7      | Reached skill level 5 in Bows
  7336 | D:7      | Reached skill level 5 in Crossbows
  7336 | D:7      | Reached skill level 5 in Throwing
  7336 | D:7      | Reached skill level 5 in Stealth
  7336 | D:7      | Reached skill level 5 in Shields
  7336 | D:7      | Reached skill level 5 in Unarmed Combat
  7336 | D:7      | Reached skill level 5 in Evocations
  7761 | D:8      | Found a glowing golden altar of the Shining One.
  7919 | D:8      | Found a shimmering altar of Xom.
  7923 | D:8      | Got a fine quarterstaff
  7938 | D:8      | Identified the +2 quarterstaff of the Reaper {crush, rPois
                  | rC++ Int-2 SInv} (You found it on level 8 of the Dungeon)
  7964 | D:8      | Found an iron altar of Okawaru.
  7981 | D:8      | Became a worshipper of Warmaster Okawaru
  8037 | D:8      | Noticed a two-headed ogre
  8046 | D:8      | Killed a two-headed ogre
  8061 | D:8      | Noticed a two-headed ogre
  8073 | D:8      | Killed a two-headed ogre
  8073 | D:8      | Reached * piety under Okawaru
  8402 | D:9      | Reached ** piety under Okawaru
  8648 | D:9      | Noticed a two-headed ogre
  8664 | D:9      | Killed a two-headed ogre
  8664 | D:9      | Reached *** piety under Okawaru
  8664 | D:9      | Reached XP level 11. HP: 58/84 MP: 14/22
  9306 | D:10     | Entered Level 10 of the Dungeon
  9318 | D:10     | Reached skill level 5 in Conjurations
  9318 | D:10     | Reached skill level 5 in Hexes
  9318 | D:10     | Reached skill level 5 in Summonings
  9318 | D:10     | Reached skill level 5 in Necromancy
  9318 | D:10     | Reached skill level 5 in Translocations
  9318 | D:10     | Reached skill level 5 in Transmutations
  9318 | D:10     | Reached skill level 5 in Fire Magic
  9318 | D:10     | Reached skill level 5 in Ice Magic
  9318 | D:10     | Reached skill level 5 in Air Magic
  9318 | D:10     | Reached skill level 5 in Earth Magic
  9318 | D:10     | Reached skill level 5 in Poison Magic
  9375 | D:10     | Reached **** piety under Okawaru
  9482 | D:10     | Learned a level 3 spell: Confuse
  9565 | D:10     | Got a slimy chain mail
  9577 | D:10     | Identified the cursed +0 chain mail of Mezcal {MR+ Regen+
                  | Int-5 Dex+4} (You found it on level 10 of the Dungeon)
  9756 | D:10     | You fall into a shaft and drop 2 floors!
  9818 | D:12     | Noticed a green ugly thing
  9823 | D:11     | Noticed an unseen horror
  9861 | D:11     | Killed an unseen horror
  9861 | D:11     | Received a gift from Okawaru
  9972 | D:11     | Found Owne's Jewellery Boutique.
  9977 | D:11     | Bought the ring "Piqeq" {rElec Int+5 SInv} for 1009 gold
                  | pieces
 10075 | D:11     | Received a gift from Okawaru
 10077 | D:11     | Slain by a wyvern

Levels and vault maps discovered:
D:1:      tarquinn_simple_flora_water_b, layout_loops_ring
D:2:      minmay_alternating_diamond, layout_loops_ring,
          nicolae_overflow_hidden_temple, kennysheep_generic_room_5
D:3:      layout_basic, overflow_temple_1_default
D:4:      layout_rooms, minmay_circle_x, uniq_robin, uniq_sigmund, uniq_natasha,
          uniq_blork_the_orc
D:5:      layout_basic, grunt_temple_overflow_open, first_ration,
          bh_walls_and_bars, uniq_menkaure, uniq_grinder
D:6:      layout_gridville, portal_sewer_entry_f, serial_shops,
          nicolae_shop_behind_doors, uniq_pikel
D:7:      layout_rooms, minmay_temple_entry_mini_moons, enter_bailey_2
D:8:      layout_cave_pools, okawaru_metal_pillars_1_2, xom_butterflies,
          lemuel_round_altar, item_on_display_a
D:9:      nicolae_whirlpool, layout_rooms, hangedman_pestilent_swarm
D:10:     layout_basic, basic_altar
D:11:     layout_rooms, erik_lair_dragon, serial_shops,
          nicolae_shop_overgrown_old_shop, nicolae_shop_stone,
          serial_bayou_crossing, uniq_josephine
D:12:     layout_gridville, david_orc_4, minivault_24, uniq_frances,
          uniq_rupert, uniq_azrael
Temple:   dpeg_chambers_temple

Skill      XL: |  1  2  3  4  5  6  7  8  9 10 11 |
---------------+----------------------------------+-----
Spellcasting   | 5 6 7 8 |  8.2
Invocations    | 1 2 3 4 5 6 7 |  7.1
Short Blades   | 1 2 3 4 5 6 |  6.4
Long Blades    | 1 2 3 4 5 6 |  6.4
Axes           | 1 2 3 4 5 6 |  6.4
Maces & Flails | 1 2 3 4 5 6 |  6.4
Staves         | 1 2 3 4 5 6 |  6.4
Slings         | 1 2 3 4 5 6 |  6.4
Bows           | 1 2 3 4 5 6 |  6.4
Crossbows      | 1 2 3 4 5 6 |  6.4
Throwing       | 1 2 3 4 5 6 |  6.4
Stealth        | 1 2 3 4 5 6 |  6.4
Shields        | 1 2 3 4 5 6 |  6.4
Unarmed Combat | 1 2 3 4 5 6 |  6.4
Evocations     | 1 2 3 4 5 6 |  6.4
Conjurations   | 1 2 3 4 5 |  5.3
Hexes          | 1 2 3 4 5 |  5.3
Summonings     | 1 2 3 4 5 |  5.3
Necromancy     | 1 2 3 4 5 |  5.3
Translocations | 1 2 3 4 5 |  5.3
Transmutations | 1 2 3 4 5 |  5.3
Fire Magic     | 1 2 3 4 5 |  5.3
Ice Magic      | 1 2 3 4 5 |  5.3
Air Magic      | 1 2 3 4 5 |  5.3
Earth Magic    | 1 2 3 4 5 |  5.3
Poison Magic   | 1 2 3 4 5 |  5.3
Armour         | 3 4 5 6 7 |  7.0
Fighting       | 5 6 7 8 |  8.0
Polearms       | 5 6 7 8 |  8.0
Dodging        | 5 6 7 8 |  8.0
Charms         | 6 7 |  7.7

Action                   |  1- 3 |  4- 6 |  7- 9 | 10-12 || total
-------------------------+-------+-------+-------+-------++-------
Melee: Spear             |   130 |   199 |   459 |   135 ||   923
       Bite              |    10 |    19 |    39 |    50 ||   118
       Punch             |       |     3 |     8 |       ||    11
       Trident           |       |       |    84 |       ||    84
       Quarterstaff      |       |       |       |   288 ||   288
Throw: Dart              |       |     2 |       |     2 ||     4
       Stone             |       |       |       |     2 ||     2
 Cast: Shroud of Golubri |     1 |    13 |    44 |    41 ||    99
       Infusion          |     1 |     4 |     8 |     8 ||    21
       Spectral Weapon   |       |     4 |    29 |    31 ||    64
       Song of Slaying   |       |     2 |     9 |     6 ||    17
       Regeneration      |       |     3 |    16 |    16 ||    35
       Conjure Flame     |       |       |     2 |       ||     2
       Mephitic Cloud    |       |       |     1 |     5 ||     6
       Confuse           |       |       |       |     8 ||     8
       Slow              |       |       |       |     2 ||     2
  Use: Scroll            |       |       |     9 |     6 ||    15
       Potion            |       |       |     2 |       ||     2
 Stab: Sleeping          |     2 |       |     1 |     2 ||     5
       Distracted        |       |       |     1 |     5 ||     6
       Confused          |       |       |     1 |     4 ||     5
  Eat: Chunk             |     1 |     6 |    14 |    16 ||    37
       Ration            |       |       |       |     1 ||     1
Armor: Leather armour    |    20 |    25 |    40 |       ||    85
       Ring mail         |       |       |    46 |   127 ||   173
Dodge: Dodged            |    55 |   100 |   297 |   278 ||   730
Block: Buckler           |       |       |       |    20 ||    20

Table legend:
 A = Non-vault XP
 B = Vault XP
 C = Vault XP percentage of total XP
 D = Non-vault monster count
 E = Vault monster count
 F = Vault count percentage of total count
                 A         B        C        D         E       F
            +---------+---------+-------+---------+---------+-------
      Total |   11334 |    4471 |  28.3 |     198 |     103 |  34.2
            +---------+---------+-------+---------+---------+-------
        D:1 |      40 |       0 |   0.0 |      22 |       0 |   0.0
        D:2 |      97 |      26 |  21.1 |      25 |       7 |  21.9
        D:3 |      61 |       0 |   0.0 |       4 |       0 |   0.0
        D:4 |     735 |     382 |  34.2 |      26 |      16 |  38.1
        D:5 |     530 |    1129 |  68.1 |       8 |       3 |  27.3
        D:6 |     348 |       4 |   1.1 |      15 |       2 |  11.8
        D:7 |     861 |       0 |   0.0 |      21 |       0 |   0.0
        D:8 |    2544 |       0 |   0.0 |      17 |       0 |   0.0
        D:9 |    2276 |     746 |  24.7 |      29 |       6 |  17.1
       D:10 |    2347 |       0 |   0.0 |      22 |       0 |   0.0
       D:11 |    1106 |     608 |  35.5 |       7 |       4 |  36.4
       D:12 |     389 |       0 |   0.0 |       2 |       0 |   0.0
      Sewer |       0 |     448 | 100.0 |       0 |      35 | 100.0
     Bailey |       0 |    1128 | 100.0 |       0 |      30 | 100.0
            +---------+---------+-------+---------+---------+-------
